 Dungeon Crawl Stone Soup version 0.29-a0-643-ga013cefcf8 (webtiles) character file.

Game seed: 4949006036914285382

217 CollectiveS the Cudgeller (level 5, -2/41 HPs)
             Began as a Demonspawn Fighter on June 19, 2022.
             Was a Follower of Sif Muna.
             Slain by a gnoll
             ... wielding a +0 falchion
              (7 damage)
             ... on level 3 of the Dungeon.
             The game lasted 00:06:05 (3138 turns).

CollectiveS the Cudgeller (Demonspawn Fighter)      Turns: 3138, Time: 00:06:05

Health: -2/41      AC:  7    Str: 18    XL:     5   Next: 61%
Magic:  5/5        EV:  9    Int: 10    God:    Sif Muna [*.....]
Gold:   155        SH:  4    Dex: 12    Spells: 4/4 levels left

rFire   . . .      SeeInvis .   a - +0 flail
rCold   . . .      Faith    .   c - +0 buckler
rNeg    . . .      Spirit   .   b - +0 scale mail
rPois   .          Reflect  .   (no helmet)
rElec   .          Harm     .   (no cloak)
rCorr   .          Rampage  .   (no gloves)
Will    .....                   q - +0 pair of boots
Stlth   ..........              (no amulet)
HPRegen 0.13/turn               (no ring)
MPRegen 0.09/turn               (no ring)

@: hasted, very quick
A: powered by death 1
a: Renounce Religion, Channel Magic


You were on level 3 of the Dungeon.
You worshipped Sif Muna.
Sif Muna was aware of your devotion.
You visited 1 branch of the dungeon, and saw 3 of its levels.

You collected 155 gold pieces.

Inventory:

Hand Weapons
 a - a +0 flail (weapon)
Armour
 b - a +0 scale mail (worn)
 c - a +0 buckler (worn)
 q - a +0 pair of boots (worn)
Wands
 o - a wand of iceblast (4)
Scrolls
 e - a scroll of enchant weapon {unknown}
 h - 2 scrolls of enchant armour {unknown}
 i - a scroll of identify {unknown}
 k - a scroll of magic mapping {unknown}
 l - 3 scrolls of teleportation {unknown}
 r - a scroll of vulnerability {unknown}
 s - a scroll of amnesia {unknown}
Potions
 d - a potion of might
 f - 2 potions of mutation {unknown}
 g - a potion of flight {unknown}
 j - a potion of berserk rage {unknown}
 n - 2 potions of curing {unknown}
 p - a potion of magic {unknown}


   Skills:
 - Level 3.3 Fighting
 + Level 4.7 Maces & Flails
 - Level 3.0 Armour
 - Level 3.1 Shields


You had 4 spell levels left.
You didn't know any spells.
Your spell library contained the following spells:

 Spells                   Type           Power      Damage    Failure   Level
 Beastly Appendage        Tmut           0%         N/A       83%         1
 Ensorcelled Hibernation  Hex/Ice        0%         N/A       93%         2
 Wereblood                Tmut           0%         N/A       93%         2
 Spider Form              Tmut/Pois      0%         N/A       99%         3
 Anguish                  Hex/Necr       0%         N/A       100%        4


Dungeon Overview and Level Annotations

Branches:
Dungeon (3/15)

Altars:
Sif Muna
Zin

Shops:
D:1 =   D:3 :


Innate Abilities, Weirdness & Mutations

You regenerate a little health from kills.


Message History

You kill the gnoll!
Sif Muna accepts your kill.
Things that are here:
a +0 spear; a +0 ring mail You start resting.
A gnoll comes into view. It is wielding a +2 flail of pain.
The gnoll drinks a potion.
The gnoll seems to speed up.
Things that are here:
a +0 spear; a +0 ring mail You see here a +0 spear.
The gnoll hits you with a +2 flail of pain.
You hit the gnoll but do no damage.
The gnoll hits you with a +2 flail of pain.
The gnoll closely misses you.
You barely miss the gnoll.
The gnoll hits you with a +2 flail of pain!
You barely miss the gnoll.
The gnoll hits you with a +2 flail of pain!
The gnoll closely misses you.
The gnoll shouts!
You thump the gnoll!
The gnoll is heavily wounded.
You hear a shout!
The gnoll closely misses you. The gnoll hits you but does no damage.
You thump the gnoll!
You kill the gnoll!
Sif Muna accepts your kill.
A gnoll comes into view. It is wielding a +0 halberd.
The gnoll throws a throwing net.
The throwing net hits you.
You become entangled in the net!
You see here a throwing net.
You tear a large gash into the net.
You shred the net and break free! The gnoll attacks as you move away!
The gnoll hits you with a +0 falchion!
* * * LOW HITPOINT WARNING * * *
The gnoll attacks as you move away! The gnoll closely misses you.
The gnoll attacks as you move away! The gnoll hits you with a +0 falchion.
* * * LOW HITPOINT WARNING * * *
You feel yourself speed up. The gnoll hits you with a +0 falchion!
You die...

...# #..# ...# #..# ...#
#..# ..g# ##.## ...#
#..# ..g#### ### #..#
....).# #######.# ##..
....#.# ######
#.....#.##### #..
)[..#g# #....#
#@###.#.....## #..
#.#.#.###.##.###g#
#.#......# ##.
#.#.#.#....#..##.#
#.#####..# #.
..#(....g..#.....# #.#
#..#####
#####.#.##.g..#### #.#
#....... ......#.......#
#.######.#####
##########...## #...<#
#.##### .#
#...##############.##...
.#####
#...##.........^...##...


You could see a gnoll.

Vanquished Creatures
  2 orc priests (D:3)
  An orc wizard (D:3)
  2 adders
  6 gnolls
  A worm (D:3)
  A dart slug (D:2)
  5 bats
  7 endoplasms
  2 giant cockroaches
  8 goblins
  3 hobgoblins
  3 quokkas
  4 ball pythons
  4 frilled lizards
  6 kobolds
  3 rats (D:1)
58 creatures vanquished.

Notes
Turn   | Place    | Note
-------+----------+-------------------------------------------
     0 | D:1      | CollectiveS the Demonspawn Fighter began the quest for the
                  | Orb.
     0 | D:1      | Reached XP level 1. HP: 18/18 MP: 1/1
    95 | D:1      | Reached skill level 2 in Maces & Flails
   122 | D:1      | Gained mutation: You regenerate a little health from kills.
                  | [demonic ancestry]
   122 | D:1      | Reached XP level 2. HP: 24/24 MP: 2/2
   259 | D:1      | Found Doatar's Jewellery Boutique.
  1166 | D:2      | Reached XP level 3. HP: 29/29 MP: 3/3
  1372 | D:2      | Reached skill level 3 in Maces & Flails
  1372 | D:2      | Reached XP level 4. HP: 21/35 MP: 4/4
  1560 | D:2      | Found a faded altar of an unknown god.
  1977 | D:2      | Prayed at the altar of an unknown god.
  1977 | D:2      | Became a worshipper of Sif Muna the Loreminder
  1977 | D:2      | Reached * piety under Sif Muna
  2275 | D:3      | Reached skill level 4 in Maces & Flails
  2275 | D:3      | Reached XP level 5. HP: 32/41 MP: 5/5
  2798 | D:3      | Found Zeul's Book Boutique.
  3005 | D:3      | Identified the +1 leather armour of Distant Worlds {+Blink
                  | rC+ Str+3 Dex-4}
  3138 | D:3      | Slain by a gnoll

Illustrated notes

Levels and vault maps discovered:
D:1:      erik_arrival_blinker_ship, layout_basic, serial_shops, shop_fountains,
          kennysheep_boxes
D:2:      layout_basic, shapermc_ecumenical_altar_venn, basic_altar,
          minmay_misc_feat_diagonals
D:3:      layout_basic, mainiacjoe_overflow_alcove_2, serial_shops,
          nicolae_shop_crystal

Skill      XL: |  1  2  3  4 |
---------------+-------------+-----
Maces & Flails | 2 3 4 |  4.7
Armour         | 3 |  3.0
Shields        | 3 |  3.1
Fighting       | |  3.3

Action                   |  1- 3 |  4- 6 || total
-------------------------+-------+-------++-------
Melee: Flail             |    86 |    81 ||   167
Evoke: Wand              |     3 |       ||     3
  Use: Potion            |       |     1 ||     1
Armor: Scale mail        |    42 |    36 ||    78
Dodge: Dodged            |    44 |    25 ||    69
Block: Buckler           |    25 |    20 ||    45

Table legend: (Time is in decaauts)
 A = Elapsed time spent in this place.
 B = Non-inter-level travel time spent in this place.
 C = Inter-level travel time spent in this place.
 D = Time resting spent in this place.
 E = Time spent auto-exploring this place.
 F = Levels seen in this place.
 G = Mean time per level.
                   A        B        C        D        E       F      G
               +--------+--------+--------+--------+--------+-----+--------+
         Total |   3186 |   3063 |    123 |    438 |   2081 |   3 | 1062.0 |
       Dungeon |   3186 |   3063 |    123 |    438 |   2081 |   3 | 1062.0 |
               +--------+--------+--------+--------+--------+-----+--------+

Top non-repeatable levels by time:
     D:2: 1157 daAuts
     D:3: 1155 daAuts
     D:1: 873 daAuts
